 Dungeon Crawl Stone Soup version 0.31-a0-1338-gb567cfdca4 (webtiles) character file.

Game seed: 7302741876580191432

72 ragingrage the Ducker (level 4, -3/30 HPs)
             Began as an Octopode Artificer on Dec 22, 2023.
             Was an Initiate of Hepliaklqana.
             Slain by a gnoll
             ... wielding a +0 flail
              (11 damage)
             ... on level 3 of the Dungeon.
             The game lasted 00:01:43 (1534 turns).

ragingrage the Ducker (Octopode Artificer)          Turns: 1534, Time: 00:01:43

Health: -3/30      AC:  1    Str:  9 (11) XL:     4   Next: 26%
Magic:  4/4        EV: 14    Int: 12 (13) God:    Hepliaklqana [......]
Gold:   59         SH:  0    Dex: 13 (14) Spells: 3/3 levels left

rFire   + . .        k - +0 rapier
rCold   . . .        (no shield)
rNeg    . . .        (helmet restricted)
rPois   .            (no amulet)
rElec   .            r - ring of protection from fire
rCorr   .            (no ring)
SInv    .            (no ring)
Will    .....        (no ring)
Stlth   +++          (no ring)
HPRegen 0.25/turn    (no ring)
MPRegen 0.09/turn    (no ring)
                     (no ring)

%: no passive effects
@: no status effects
A: almost no armour, amphibious, 8 rings, camouflage 1, gelatinous body 1,
(nimble swimmer 1), tentacles
a: Renounce Religion


You were on level 3 of the Dungeon.
You worshipped Hepliaklqana.
Hepliaklqana was noncommittal.
You visited 1 branch of the dungeon, and saw 3 of its levels.

You collected 59 gold pieces.

Inventory:

Hand Weapons
 k - a +0 rapier (weapon)
Missiles
 a - 3 poisoned darts
Jewellery
 r - a ring of protection from fire (left tentacle)
Talismans
 i - a flux talisman
Wands
 b - a wand of flame (15) (quivered)
 c - a wand of charming (15)
 d - a wand of iceblast (5)
Scrolls
 e - a scroll of butterflies {unknown}
 f - a scroll of acquirement {unknown}
 g - 3 scrolls of teleportation {unknown}
 l - a scroll of amnesia {unknown}
 m - a scroll of brand weapon {unknown}
 p - a scroll of silence {unknown}
 q - a scroll of identify {unknown}
Potions
 n - a potion of attraction {unknown}
 o - a potion of haste {unknown}


   Skills:
 + Level 2.5 Fighting
 + Level 3.3 Dodging
 - Level 3.0 Stealth
 - Level 3.2 Evocations


You had 3 spell levels left.
You didn't know any spells.
Your spell library was empty.

Dungeon Overview and Level Annotations

Branches:
Dungeon (3/15)

Altars:
Hepliaklqana
Yredelemnul


Innate Abilities, Weirdness & Mutations

You cannot wear most types of armour.
You are amphibious.
You can wear up to eight rings at the same time.
Your skin changes colour to match your surroundings (Stealth+).
Your rubbery body absorbs attacks. (AC +1, EV +1)
((You are camouflaged when in or above water. (Stealth+)))
You have tentacles for arms and can constrict up to eight enemies at once.


Message History

You hit the gnoll. Your grab misses the gnoll. The gnoll misses you.
The gnoll closely misses you.
You hit the gnoll. You grab the gnoll. Your squeeze misses the gnoll.
You constrict the gnoll. The gnoll closely misses you.
You hit the gnoll. You squeeze the gnoll.
You kill the gnoll!
Things that are here:
a +0 flail; a gnoll corpse
There is a stone staircase leading down here.
You climb downwards.
There is a stone staircase leading up here.
Unknown command.
A gnoll comes into view. It is wielding a +0 flail.
The gnoll closely misses you. The gnoll barely misses you.
You hit the gnoll. Your grab misses the gnoll. Your squeeze misses the gnoll.
The gnoll hits you with a +0 spear.
You hit the gnoll. You grab the gnoll.
You squeeze the gnoll, but do no damage.
You constrict the gnoll, but do no damage.
The gnoll closely misses you.
You hit the gnoll. Your grab misses the gnoll. You constrict the gnoll.
The gnoll hits you with a +0 spear. The gnoll hits you with a +0 flail!
The gnoll closely misses you.
You hit the gnoll. Your grab misses the gnoll. Your squeeze misses the gnoll.
You constrict the gnoll. The gnoll hits you with a +0 flail!
* * * LOW HITPOINT WARNING * * *
The gnoll hits you with a +0 spear.
* * * LOW HITPOINT WARNING * * *
The gnoll completely misses you.
It was a potion of degeneration.
There was something very wrong with that liquid.
You feel weakened.
You feel dopey.
You feel clumsy.
You constrict the gnoll. The gnoll closely misses you.
The gnoll completely misses you.
It was a potion of curing.
You feel better.
You constrict the gnoll. The gnoll hits you with a +0 spear.
* * * LOW HITPOINT WARNING * * *
The gnoll hits you with a +0 flail!
You die...

#.....♣..♣..♣
#.......♣.♣.♣
############.......♣....
#.......#............♣♣♣
........#.........#.....
........#.........##....
.........#......g..##....
....=..#g#.........##....
........@g.........##....
..#......#...............
.........#..$...........#
........<#..............#
...........##...##......#
..#.......##...........#
............#.....††....#
....####.......#........#
.... ..##.............#


You could see 2 gnolls.

Vanquished Creatures
  A hound zombie (D:3)
  An adder (D:3)
  A gnoll (D:2)
  2 dart slugs
  4 ball pythons
  2 endoplasms
  3 giant cockroaches
  2 hobgoblins
  5 jackals (D:1)
  5 bats (D:1)
  4 frilled lizards
  A giant cockroach zombie (D:3)
  3 kobolds
  A quokka zombie (D:3)
  2 rats (D:1)
37 creatures vanquished.

Notes
Turn   | Place    | Note
-------+----------+-------------------------------------------
     0 | D:1      | ragingrage the Octopode Artificer began the quest for the
                  | Orb.
     0 | D:1      | Reached XP level 1. HP: 13/13 MP: 1/1
   122 | D:1      | Reached XP level 2. HP: 11/18 MP: 2/2
   509 | D:1      | Reached XP level 3. HP: 19/24 MP: 3/3
  1014 | D:2      | Found a hazy altar of Hepliaklqana.
  1129 | D:2      | Became a worshipper of Hepliaklqana the Forgotten
  1438 | D:3      | Found a basalt altar of Yredelemnul.
  1449 | D:3      | Reached XP level 4. HP: 21/30 MP: 4/4
  1534 | D:3      | Slain by a gnoll

Illustrated notes

Levels and vault maps discovered:
D:1:      ebering_hopf_link, layout_loops_ring, nicolae_eternal_life,
          st_stairs_11, minmay_pentomino_u2
D:2:      wad_pebble_path, layout_rooms, serial_corexii_hall,
          corexii_hall_statues_i, corexii_hall_statues_x,
          chequers_hall_statues_wall_a, basic_altar, kennysheep_generic_room_16
D:3:      minmay_goblin_kobold_castle, layout_basic,
          nicolae_yredelemnul_corpse_copse, cheibrodos_gnoll_hut

Skill      XL: |  1  2  3 |
---------------+----------+-----
Stealth        | 2 3 |  3.0
Fighting       | 2 |  2.5
Dodging        | 3 |  3.3
Evocations     | |  3.2

Action                     |  1- 3 |  4- 6 || total
---------------------------+-------+-------++-------
  Melee: Club              |    12 |       ||    12
         Constrict         |    21 |     3 ||    24
         Short sword       |    35 |       ||    35
         Tentacles         |    16 |     2 ||    18
         Rapier            |    21 |    11 ||    32
    Use: Potion            |       |     2 ||     2
   Stab: Sleeping          |    11 |     1 ||    12
 Armour: Skin              |    35 |     7 ||    42
  Dodge: Dodged            |    36 |    15 ||    51

Table legend: (Time is in decaauts)
 A = Elapsed time spent in this place.
 B = Non-inter-level travel time spent in this place.
 C = Inter-level travel time spent in this place.
 D = Time resting spent in this place.
 E = Time spent auto-exploring this place.
 F = Levels seen in this place.
 G = Mean time per level.
                   A        B        C        D        E       F      G
               +--------+--------+--------+--------+--------+-----+--------+
         Total |   1543 |   1417 |    126 |     78 |   1060 |   3 |  514.3 |
       Dungeon |   1543 |   1417 |    126 |     78 |   1060 |   3 |  514.3 |
               +--------+--------+--------+--------+--------+-----+--------+

Top non-repeatable levels by time:
     D:1: 853 daAuts
     D:2: 552 daAuts
     D:3: 137 daAuts
